 Dungeon Crawl Stone Soup version 0.29-a0-284-gf9362112df (webtiles) character file.

Game seed: 8285404205028416656

56 GigaChad the Ducker (level 3, -1/27 HPs)
             Began as a Vampire Gladiator on Apr 1, 2022.
             Was a Believer of Fedhas.
             Slain by Grinder (6 damage)
             ... on level 3 of the Dungeon.
             The game lasted 00:10:29 (1542 turns).

GigaChad the Ducker (Vampire Gladiator)             Turns: 1542, Time: 00:10:30

Health: -1/27      AC: 11    Str: 15    XL:     3   Next: 71%
Magic:  3/3        EV:  4    Int: 10    God:    Fedhas [**....]
Gold:   57         SH:  4    Dex: 17    Spells: 2/2 levels left

rFire   . . .      SeeInvis +   a - +0 long sword
rCold   + . .      Faith    .   q - +0 buckler
rNeg    . . .      Spirit   .   l - +0 plate armour
rPois   .          Reflect  .   c - +0 helmet
rElec   .          Harm     .   (no cloak)
rCorr   .          Rampage  .   (no gloves)
Will    .....                   (no boots)
Stlth   ..........              r - amulet of Zin's Reproof {Regen+ Str+2 Stlth+}
HPRegen 1.09/turn               g - ring of protection from cold
MPRegen 0.08/turn               (no ring)

@: healing quickly
A: alive, fangs 3, see invisible, vampiric 2
a: Exsanguinate, Renounce Religion, Wall of Briars


You were on level 3 of the Dungeon.
You worshipped Fedhas.
Fedhas was pleased with you.
You visited 1 branch of the dungeon, and saw 3 of its levels.

You collected 57 gold pieces.

Inventory:

Hand Weapons
 a - a +0 long sword (weapon)
 n - a +0 short sword
Missiles
 d - 3 throwing nets (quivered)
 e - a javelin
 f - 6 boomerangs
Armour
 b - a +0 leather armour
 c - a +0 helmet (worn)
 h - a +0 ring mail
 l - a +0 plate armour (worn)
 q - a +0 buckler (worn)
Jewellery
 g - a ring of protection from cold (left hand)
 r - an amulet of Zin's Reproof (around neck) {Regen+ Str+2 Stlth+}
   (You found it on level 2 of the Dungeon)

   [amulet of regeneration]

   Str:       It affects your strength (+2).
   Regen:     It increases your rate of health regeneration.
   Stlth:     It makes you more stealthy.
Scrolls
 s - a scroll of vulnerability
Potions
 i - 2 potions of brilliance {unknown}
 j - a potion of berserk rage {unknown}
 k - a potion of magic {unknown}
 m - 2 potions of degeneration {unknown}
 o - a potion of lignification
 p - a potion of curing {unknown}


   Skills:
 + Level 2.0 Fighting
 + Level 3.9 Long Blades
 + Level 1.6 Throwing
 + Level 0.2 Armour
 + Level 4.1 Dodging


You had 2 spell levels left.
You didn't know any spells.
Your spell library contained the following spells:

 Spells                   Type           Power      Damage    Failure   Level
 Apportation              Tloc           0%         N/A       100%        1
 Blink                    Tloc           0%         N/A       100%        2
 Corpse Rot               Necr/Air       0%         N/A       100%        2
 Poisonous Vapours        Pois/Air       0%         N/A       100%        2
 Alistair's Intoxication  Tmut/Pois      0%         N/A       100%        5
 Manifold Assault         Tloc           0%         N/A       100%        5
 Storm Form               Tmut/Air       0%         N/A       100%        7


Dungeon Overview and Level Annotations

Branches:
Dungeon (3/15)

Altars:
Fedhas

Annotations:
D:2 Natasha
D:3 Grinder


Innate Abilities, Weirdness & Mutations

Your natural rate of healing is accelerated.
You have razor-sharp teeth.
You have supernaturally acute eyesight. (SInv)
You are afflicted with vampirism and can become a bat while bloodless.


Message History

Grinder hits you but does no damage.
You barely miss Grinder.
Grinder is severely wounded.
Grinder hits you but does no damage. x2
You barely miss Grinder. You bite Grinder.
Grinder is almost dead.
Grinder hits you but does no damage.
Unknown command.
You hit Grinder.
Grinder is almost dead.
Grinder gestures at you.
You suddenly lose the ability to move!
Grinder hits you but does no damage.
You can move again.
You hit Grinder.
Grinder is almost dead.
Grinder hits you but does no damage.
You closely miss Grinder.
Grinder is almost dead.
Grinder gestures at you. Pain shoots through your body!
Ouch! That really hurt!
* * * LOW HITPOINT WARNING * * *
Grinder gestures at you.
You shrug off the repeated paralysis!
You hit Grinder but do no damage. Your bite misses Grinder.
Grinder is almost dead.
You block Grinder's attack.
You hit Grinder but do no damage.
Grinder is almost dead.
You block Grinder's attack.
You hit Grinder but do no damage.
Grinder is almost dead.
Grinder hits you.
You writhe in agony.
* * * LOW HITPOINT WARNING * * *
You hit Grinder.
Grinder is almost dead.
Grinder hits you but does no damage. Grinder hits you.
You die...
Fedhas appreciates your contribution to the ecosystem.

#. ##.. ..... ##
..... ##. .#.
......#######..
.#.
...........##.# #
...
...........##.#
#.###...
........5@##.#
......
..........##.#
#######.##.
####......##.#
#.........>
#......##.#
#.######.##
#.......<.#.#.
#.##
#......##.#.#.
#...
#......##.#.####
####
#......##.#.#..# #
####.####.#.#..###
##


You could see Grinder.

Vanquished Creatures
  Natasha (D:2)
  12 bats
  3 endoplasms
  2 giant cockroaches
  3 goblins
  3 hobgoblins
  A kobold (D:1)
  A quokka (D:1)
  2 ball pythons
  A rat (D:2)
29 creatures vanquished.

Notes
Turn   | Place    | Note
-------+----------+-------------------------------------------
     0 | D:1      | GigaChad the Vampire Gladiator began the quest for the Orb.
     0 | D:1      | Reached XP level 1. HP: 16/16 MP: 1/1
     2 | D:1      | Noticed a naga
     2 | D:1      | Noticed an elf
     4 | D:1      | Noticed a ghoul
     4 | D:1      | Noticed a felid
     8 | D:1      | Noticed a demigod
     8 | D:1      | Noticed a merfolk
    14 | D:1      | Noticed a minotaur
    16 | D:1      | Noticed an ogre
    16 | D:1      | Noticed an octopode
    18 | D:1      | Noticed a gargoyle
    18 | D:1      | Noticed a vampire
    20 | D:1      | Noticed a demonspawn
    20 | D:1      | Noticed a human
    22 | D:1      | Noticed a troll
    24 | D:1      | Noticed a dwarf
    24 | D:1      | Noticed a draconian
    26 | D:1      | Noticed a tengu
    26 | D:1      | Noticed a formicid
    28 | D:1      | Noticed a spriggan
    31 | D:1      | Noticed a vine stalker
   150 | D:1      | Found a faded altar of an unknown god.
   159 | D:1      | Prayed at the altar of an unknown god.
   159 | D:1      | Became a worshipper of Fedhas Madash
   159 | D:1      | Reached * piety under Fedhas
   456 | D:1      | Reached XP level 2. HP: 18/22 MP: 2/2
  1040 | D:2      | Noticed Natasha
  1046 | D:2      | Killed Natasha
  1047 | D:2      | Reached skill level 4 in Dodging
  1047 | D:2      | Gained mutation: You are afflicted with vampirism and can
                  | become a bat while bloodless. [Vampire growth]
  1047 | D:2      | Reached XP level 3. HP: 27/27 MP: 3/3
  1172 | D:2      | Identified an amulet of Zin's Reproof {Regen+ Str+2 Stlth+}
  1314 | D:2      | Noticed Natasha
  1368 | D:3      | Reached ** piety under Fedhas
  1505 | D:3      | Noticed Grinder
  1513 | D:3      | Paralysed by Grinder for 3 turns
  1523 | D:3      | Paralysed by Grinder for 3 turns
  1535 | D:3      | Paralysed by Grinder for 2 turns
  1542 | D:3      | Slain by Grinder

Illustrated notes

Levels and vault maps discovered:
D:1:      kb_arrival_jail, layout_loops_ring, shapermc_ecumenical_altar_pompeii
D:2:      layout_basic, serial_curves, eino_curves_01, eino_curves_01,
          uniq_natasha
D:3:      layout_basic, kiku_gazebo_garden_becter, ebering_ghost_rock_garden,
          roderic_batcave, uniq_crazy_yiuf_cottage, uniq_grinder

Skill      XL: |  1  2  3 |
---------------+----------+-----
Dodging        | 4 |  4.1
Fighting       | 2 |  2.0
Long Blades    | |  3.9
Throwing       | |  1.6
Armour         | |  0.2

Action                   || total
-------------------------++-------
Melee: Long sword        ||    81
       Bite              ||     5
  Use: Scroll            ||     4
Armor: Ring mail         ||     8
       Leather armour    ||     2
       Plate armour      ||   100
Dodge: Dodged            ||    36
Block: Buckler           ||    21

Table legend: (Time is in decaauts)
 A = Elapsed time spent in this place.
 B = Non-inter-level travel time spent in this place.
 C = Inter-level travel time spent in this place.
 D = Time resting spent in this place.
 E = Time spent auto-exploring this place.
 F = Levels seen in this place.
 G = Mean time per level.
                   A        B        C        D        E       F      G
               +--------+--------+--------+--------+--------+-----+--------+
         Total |   1561 |   1544 |     17 |      0 |      0 |   3 |  520.3 |
       Dungeon |   1561 |   1544 |     17 |      0 |      0 |   3 |  520.3 |
               +--------+--------+--------+--------+--------+-----+--------+

Top non-repeatable levels by time:
     D:1: 673 daAuts
     D:2: 657 daAuts
     D:3: 230 daAuts
